 Dungeon Crawl Stone Soup version 0.31-a0-662-g684573625c (webtiles) character file.

Game seed: 14401537870440524556

46 Dirtsage the Changeling (level 3, 0/23 HPs)
             Began as an Octopode Shapeshifter on Aug 31, 2023.
             Succumbed to a goblin's poison
             ... on level 2 of the Dungeon.
             The game lasted 00:04:06 (932 turns).

Dirtsage the Changeling (Octopode Shapeshifter)      Turns: 932, Time: 00:04:07

Health: 0/23       AC:  1    Str: 15    XL:     3   Next: 68%
Magic:  3/3        EV: 13    Int: 12    God:
Gold:   40         SH:  0    Dex: 11    Spells: 2/2 levels left

rFire   . .          .
                       - Unarmed
rCold   . . .        (no shield)
rNeg    . . .        (helmet currently unavailable)
rPois   .            (no amulet)
rElec   .            (no ring)
rCorr   .            (no ring)
SInv    .            (no ring)
Will    .....        (no ring)
Stlth   ++           (no ring)
HPRegen 0.23/turn    (no ring)
MPRegen 0.08/turn    (no ring)
                     (no ring)

%: no passive effects
@: lethally poisoned (0 -> -4), beast-form, hasted, very quick
A: beast (slay +2), almost no armour, amphibious, 8 rings, camouflage 1,
gelatinous body 1, (nimble swimmer 1), tentacles
a: Begin Untransformation


You were on level 2 of the Dungeon.
You were a hulking beast.
You visited 1 branch of the dungeon, and saw 2 of its levels.

You collected 40 gold pieces.

Inventory:

Talismans
 b - a beast talisman (active)
 c - a flux talisman
Scrolls
 d - a scroll of identify {unknown}
 t - a scroll of teleportation
Potions
 a - a potion of lignification
 e - a potion of berserk rage {unknown}
 f - a potion of curing {unknown}
 h - a potion of haste
 i - a potion of mutation {unknown}
 j - a potion of heal wounds {unknown}


   Skills:
 - Level 1.0 Fighting
 - Level 2.0 Dodging
 + Level 3.5 Unarmed Combat
 * Level 3.9 Shapeshifting


You had 2 spell levels left.
You didn't know any spells.
Your spell library contained the following spells:

 Spells                   Type           Power      Damage    Failure   Level
 Cigotuvi's Dreadful Rot  Necr/Pois/Air  0%         N/A       45%         2
 Dispel Undead            Necr           0%         3d6       97%         4
 Death Channel            Necr           0%         N/A       100%        6


Dungeon Overview and Level Annotations

Branches:
Dungeon (2/15)

Altars:

Shops:
D:2 [


Innate Abilities, Weirdness & Mutations

You are a hulking beast.
Your limbs bulge with bestial killing power. (Slay +2)
You cannot wear most types of armour.
You are amphibious.
You can wear up to eight rings at the same time.
Your skin changes colour to match your surroundings (Stealth+).
Your rubbery body absorbs attacks. (AC +1, EV +1)
((You are camouflaged when in or above water. (Stealth+)))
You have tentacles for arms and can constrict up to eight enemies at once.


Message History

The ball python attacks as it pursues you!
The ball python misses you. The ball python grabs you.
The ball python constricts you.
You escape the ball python's grasp.
Health restored: 23 The ball python attacks as it pursues you!
The ball python bites you. The ball python grabs you.
The ball python constricts you.
You take 3 damage, and have 20/23 hp.
You escape the ball python's grasp.
There is an open door here.
You closely miss the ball python. Your grab misses the ball python.
You squeeze the ball python.
You kill the ball python!
You miss the goblin. You grab the goblin. You constrict the goblin.
The goblin hits you with a +2 dagger of venom.
You are poisoned.
You take 5 damage, and have 16/23 hp.
MASSIVE DAMAGE!!
You tentacle-slap the goblin.
You squeeze the goblin, but do no damage.
The goblin is severely wounded.
You constrict the goblin.
You kill the goblin!
You feel very sick.
You take 3 damage, and have 13/23 hp.
You barely miss the goblin. Your grab misses the goblin.
You feel sick. The goblin hits you with a +0 dagger.
You take 3 damage, and have 10/23 hp.
You barely miss the goblin. Your grab misses the goblin.
You feel sick. The goblin hits you with a +0 dagger.
* * * LOW HITPOINT WARNING * * *
You take 4 damage, and have 6/23 hp.
You barely miss the goblin. Your grab misses the goblin.
* * * LOW HITPOINT WARNING * * *
You feel sick. The goblin hits you with a +0 dagger.
* * * LOW HITPOINT WARNING * * *
You take 5 damage, and have 1/23 hp.
MASSIVE DAMAGE!!
It was a potion of haste.
You feel yourself speed up.
h - a potion of haste;
e - a grey potion You die...

# #.########### ##
#.#........... ...
..>.....##.#####.#
#..#......(.....#
#..)....∩.......#
#............#
#............#
#..........g#####.###
.............ggh.......
.....#.......g#####.###
.....########## ..#g .
#


You could see 2 hobgoblins and 2 goblins.

Vanquished Creatures
  A worm (D:2)
  5 ball pythons
  4 bats
  An endoplasm (D:1)
  5 giant cockroaches
  5 goblins
  7 hobgoblins
  A quokka (D:1)
  2 frilled lizards (D:1)
  A kobold (D:1)
  6 rats (D:1)
38 creatures vanquished.

Notes
Turn   | Place    | Note
-------+----------+-------------------------------------------
     0 | D:1      | Dirtsage the Octopode Shapeshifter began the quest for the
                  | Orb.
     0 | D:1      | Reached XP level 1. HP: 13/13 MP: 1/1
    39 | D:1      | Upgraded the game from 0.31-a0-656-gb4d89c20fa to
                  | 0.31-a0-662-g684573625c
    71 | D:1      | Found a faded altar of an unknown god.
    98 | D:1      | Reached XP level 2. HP: 10/18 MP: 2/2
   364 | D:1      | Reached XP level 3. HP: 21/23 MP: 3/3
   917 | D:2      | Found Fiogeocs's Armour Shop.
   931 | D:2      | HP: 1/23 [goblin/+0 dagger[Robin] (4)]
   932 | D:2      | Succumbed to a goblin's poison

Illustrated notes

Levels and vault maps discovered:
D:1:      dpeg_arrival_solitude, layout_basic, basic_ecumenical_altar
D:2:      layout_basic, serial_shops, shop, uniq_robin

Action                     || total
---------------------------++-------
  Melee: Unarmed           ||    72
         Tentacles         ||    13
         Constrict         ||    17
         Punch             ||     1
    Use: Scroll            ||     1
         Potion            ||     1
   Stab: Sleeping          ||     5
 Armour: Skin              ||    29
  Dodge: Dodged            ||    35

Table legend: (Time is in decaauts)
 A = Elapsed time spent in this place.
 B = Non-inter-level travel time spent in this place.
 C = Inter-level travel time spent in this place.
 D = Time resting spent in this place.
 E = Time spent auto-exploring this place.
 F = Levels seen in this place.
 G = Mean time per level.
                   A        B        C        D        E       F      G
               +--------+--------+--------+--------+--------+-----+--------+
         Total |    928 |    901 |     27 |     21 |    676 |   2 |  464.0 |
       Dungeon |    928 |    901 |     27 |     21 |    676 |   2 |  464.0 |
               +--------+--------+--------+--------+--------+-----+--------+

Top non-repeatable levels by time:
     D:1: 723 daAuts
     D:2: 204 daAuts
